 Dungeon Crawl Stone Soup version 0.26.0-16-gc1dbca0489 (webtiles) character file.

Game seed: 1444622029454808247

62 kaeus the Ruffian (level 3, 0/29 HPs)
             Began as a Draconian Transmuter on Jan 20, 2021.
             Killed from afar by Sigmund (3 damage)
             ... with a puff of flame
             ... on level 2 of the Dungeon.
             The game lasted 00:03:32 (1684 turns).

kaeus the Ruffian (Draconian Transmuter)            Turns: 1684, Time: 00:03:32

Health: 0/29       AC:  8    Str: 12    XL:     3   Next: 85%
Magic:  5/6        EV: 13    Int: 14    God:
Gold:   93         SH:  0    Dex: 17    Spells: 5/6 levels left

rFire    . . .     SeeInvis .     - Unarmed
rCold    . . .     Faith    .   (no shield)
rNeg     . . .     Spirit   .   (armour unavailable)
rPois    .         Reflect  .   (helmet currently unavailable)
rElec    .         Harm     .   (no cloak)
rCorr    .         Rampage  .   i - +2 pair of gloves
Will     .....                  (boots currently unavailable)
Stlth    ++........             b - amulet of the acrobat
HPRegen  0.09/turn              e - +6 ring of dexterity
MPRegen  0.10/turn              (no ring)

@: appendages, attractive
A: unfitting armour, horns 2, talons 2, cold-blooded, AC +5
a: End Transformation


You were on level 2 of the Dungeon.
You had grown temporary horns.
You had grown temporary talons.
You visited 1 branch of the dungeon, and saw 2 of its levels.

You collected 93 gold pieces.

Inventory:

Armour
 i - a +2 pair of gloves (worn)
Jewellery
 b - an amulet of the acrobat (around neck)
 e - a +6 ring of dexterity (left hand)
Scrolls
 c - 8 scrolls of identify {unknown}
 d - a scroll of fear {unknown}
 h - a scroll of blinking {unknown}
Potions
 a - 2 potions of attraction
 f - 2 potions of resistance {unknown}
 g - a potion of brilliance {unknown}
 j - a potion of ambrosia {unknown}


   Skills:
 + Level 2.0 Fighting
 + Level 2.2 Dodging
 - Level 0.1 Shields
 + Level 3.4 Unarmed Combat
 + Level 2.4 Spellcasting
 + Level 2.4 Transmutations


You had 5 spell levels left.
You knew the following spells:

 Your Spells              Type           Power        Failure   Level
a - Beastly Appendage     Tmut           16%          9%          1

Your spell library contained the following spells:

 Spells                   Type           Power        Failure   Level
 Wereblood                Tmut           8%           12%         2
 Spider Form              Tmut/Pois      2%           38%         3
 Ice Form                 Ice/Tmut       5%           80%         4
 Blade Hands              Tmut           4%           92%         5


Dungeon Overview and Level Annotations

Branches:
Dungeon (2/15)

Altars:

Annotations:
D:2 Sigmund


Innate Abilities, Weirdness & Mutations

Your plain brown scales are hard. (AC +5)
You cannot fit into any form of body armour.
You are cold-blooded and may be slowed by cold attacks.
You have a pair of horns on your head.
You have razor-sharp toenails.


Message History

You hit Sigmund. Your kick misses Sigmund.
Your tail-slap misses Sigmund.
Sigmund is heavily wounded.
Sigmund says, "I'm your fate." Sigmund casts a spell at you.
The puff of flame hits you!
* * * LOW HITPOINT WARNING * * *
You are too injured to fight recklessly!
You are too injured to fight recklessly!
You are too injured to fight recklessly!
You are too injured to fight recklessly!
You are too injured to fight recklessly!
You are too injured to fight recklessly!
You are too injured to fight recklessly!
You are too injured to fight recklessly!
You are too injured to fight recklessly!
It was a potion of attraction.
You feel attractive to monsters. Sigmund casts a spell at you.
The puff of flame hits you.
You die...

#.>......<.............<...# #
.##)......................#
####......#.....##.#.........##
.....##...###...........#...##
........####.<..#.##.#..†..##
#.##.####...)##............#
#.#..####.########.........#
..#.##....############.....#
................@@.........#
.....#.###############.....#
#.#....# #.....# .....######
#.....# ........).## #.....#
.[...####..###### ###### .....#
##......### #....# ###..#
######...#####....# ####.#
###..........#


You could see Sigmund.

Vanquished Creatures
  A gnoll (D:1)
  2 worms (D:2)
  2 leopard geckos
  6 bats
  3 giant cockroaches (D:1)
  6 goblins
  6 hobgoblins
  2 jackals (D:2)
  3 ball pythons
  A frilled lizard (D:1)
  5 kobolds
  7 rats
44 creatures vanquished.

Notes
Turn   | Place    | Note
-------+----------+-------------------------------------------
     0 | D:1      | kaeus the Draconian Transmuter began the quest for the Orb.
     0 | D:1      | Reached XP level 1. HP: 16/16 MP: 3/3
   140 | D:1      | Reached XP level 2. HP: 21/23 MP: 1/5
   893 | D:1      | Reached XP level 3. HP: 19/29 MP: 3/6
  1672 | D:2      | Noticed Sigmund
  1684 | D:2      | Killed from afar by Sigmund

Illustrated notes

Levels and vault maps discovered:
D:1:      dpeg_arrival_prison, layout_basic
D:2:      layout_rooms, uniq_sigmund

Skill      XL: |  1  2  3 |
---------------+----------+-----
Dodging        | 2 |  2.2
Fighting       | 2 |  2.0
Shields        | |  0.1
Unarmed Combat | |  3.4
Spellcasting   | |  2.4
Transmutations | |  2.4

Action                   || total
-------------------------++-------
Melee: Unarmed           ||   109
       Kick              ||    19
       Tailslap          ||     8
       Headbutt          ||     6
       Punch             ||     1
 Cast: Beastly Appendage ||    27
  Use: Potion            ||     1
 Stab: Sleeping          ||     1
Armor: Skin              ||    31
Dodge: Dodged            ||    85
Block: Tower shield      ||     7
